 Dungeon Crawl Stone Soup version 0.27.1-2-g3b301248ec (webtiles) character file.

Game seed: 7245280067900707487

382774 Crownlay the Convoker (level 22, -10/224 HPs)
             Began as a Gnoll Ice Elementalist on Sept 25, 2021.
             Was the Champion of Uskayaw.
             Killed from afar by a deep elf annihilator (84 damage)
             ... with an iron shot
             ... on level 3 of the Elven Halls.
             The game lasted 03:07:55 (63089 turns).

Crownlay the Convoker (Gnoll Ice Elementalist)     Turns: 63089, Time: 03:07:56

Health: -10/224    AC: 35    Str: 16    XL:     22   Next: 55%
Magic:  28/41      EV: 20    Int: 31    God:    Uskayaw [******]
Gold:   2029       SH: 11    Dex: 15    Spells: 15/51 levels left

rFire    + . .     SeeInvis +   p - staff of cold
rCold    + . .     Faith    +   O - +3 buckler {rF+}
rNeg     + + .     Spirit   .   (armour currently unavailable)
rPois    ∞         Reflect  .   N - +2 hat of Nekiaxop {rN+ Int+3 Dex-5 SInv}
rElec    +         Harm     .   W - +2 cloak {rCorr}
rCorr    +         Rampage  .   (gloves currently unavailable)
Will     +++..                  (boots currently unavailable)
Stlth    ++++++....             B - amulet of Darkness {Faith *Slow Will++ Int+2}
HPRegen  0.47/turn              t - ring of Tender Moments {Str+7 Int+2 Dex+6}
MPRegen  0.27/turn              L - ring of wizardry

@: statue-form, freezing walls, studying Summonings, very slow
A: slow and powerful, torment resistance 1, boosted hp, fangs 1, strong nose,
distributed training, clever 1
}: 3/15 runes: barnacled, abyssal, gossamer
a: End Transformation, Renounce Religion, Stomp, Line Pass, Grand Finale


You were on level 3 of the Elven Halls.
You worshipped Uskayaw.
Uskayaw was pleased with you.
You were a living statue of rough stone.
You visited 8 branches of the dungeon, and saw 39 of its levels.
You visited the Abyss 2 times.
You also visited: Trove, Sewer and Ice Cave.

You collected 7323 gold pieces.
You spent 5294 gold pieces at shops.

Inventory:

Hand Weapons
 k - a +3 sacred scourge of holy wrath
Armour
 A - a +0 pair of boots (melded)
 C - a +2 robe of fire resistance (melded)
 F - the +1 pair of gloves "Nimem" (melded) {+Blink rElec Int+4}
   (You acquired it on level 6 of the Lair of Beasts)

   Int:       It affects your intelligence (+4).
   rElec:     It insulates you from electricity.
   +Blink:    It lets you blink.
 N - the +2 hat of Nekiaxop (worn) {rN+ Int+3 Dex-5 SInv}
   (You found it on level 2 of the Vaults)

   Int:       It affects your intelligence (+3).
   Dex:       It affects your dexterity (-5).
   rN:        It protects you from negative energy.
   SInv:      It lets you see invisible.
 O - a +3 buckler of fire resistance (worn)
 W - a +2 cloak of preservation (worn)
Magical Staves
 p - a staff of cold (weapon)
 Q - a staff of air
Jewellery
 b - the ring of the Distant Future {AC+4 Int+6}
   (You found it in a treasure trove)

   [ring of protection]

   AC:        It affects your AC (+4).
   Int:       It affects your intelligence (+6).
 c - the ring "Sisujeth" {Ice Str+3 Int+4 Dex+5}
   (You found it in a treasure trove)

   [ring of ice]

   It enhances your ice magic.
   Str:       It affects your strength (+3).
   Int:       It affects your intelligence (+4).
   Dex:       It affects your dexterity (+5).
   rF:        It makes you vulnerable to fire.
   rC:        It protects you from cold.
 t - the ring of Tender Moments (left fist) {Str+7 Int+2 Dex+6}
   (You found it on level 6 of the Lair of Beasts)

   [ring of dexterity]

   Str:       It affects your strength (+7).
   Int:       It affects your intelligence (+2).
   Dex:       It affects your dexterity (+6).
 B - the amulet of Darkness (around neck) {Faith *Slow Will++ Int+2}
   (You bought it in a shop on level 4 of the Dungeon)

   [amulet of faith]

   It allows you to gain divine favour quickly.
   Int:       It affects your intelligence (+2).
   *Slow:     It may slow you when you take damage.
   Will:      It greatly increases your willpower.
 L - a ring of wizardry (right fist)
Wands
 d - a wand of paralysis (6)
 j - a wand of acid (4)
 o - a wand of polymorph (38)
 I - a wand of iceblast (38)
 T - a wand of mindburst (32)
Scrolls
 e - 4 scrolls of immolation
 f - 4 scrolls of amnesia
 g - 10 scrolls of teleportation
 i - 20 scrolls of identify
 x - 4 scrolls of fear
 y - 3 scrolls of holy word
 z - a scroll of summoning
 G - 6 scrolls of enchant armour
 R - 4 scrolls of vulnerability
 S - 7 scrolls of blinking
 U - 3 scrolls of magic mapping
 V - a scroll of enchant weapon
 Z - 6 scrolls of fog
Potions
 a - 6 potions of brilliance
 h - 4 potions of heal wounds
 l - a potion of cancellation
 m - 3 potions of ambrosia
 q - 4 potions of magic
 r - 5 potions of mutation
 s - 5 potions of haste
 u - a potion of invisibility
 w - 3 potions of resistance
 D - 3 potions of flight
 E - 5 potions of attraction
 J - 2 potions of curing
Miscellaneous
 v - a phantom mirror
 P - a condenser vane
 Y - a lightning rod (4/4)


   Skills:
 + Level 14.6 Fighting
 + Level 14.6 Short Blades
 + Level 14.6 Long Blades
 + Level 14.6 Axes
 + Level 14.6 Maces & Flails
 + Level 14.6 Polearms
 + Level 14.6 Staves
 + Level 14.6 Slings
 + Level 14.6 Bows
 + Level 14.6 Crossbows
 + Level 14.6 Throwing
 + Level 14.6 Armour
 + Level 15.2 Dodging
 + Level 15.1 Stealth
 + Level 14.6 Shields
 + Level 14.6 Unarmed Combat
 + Level 15.3 Spellcasting
 + Level 12.6 Conjurations
 + Level 12.6 Hexes
 + Level 16.6 Summonings
 + Level 12.6 Necromancy
 + Level 12.6 Translocations
 + Level 12.6 Transmutations
 + Level 12.6 Fire Magic
 + Level 14.1 Ice Magic
 + Level 12.6 Air Magic
 + Level 12.6 Earth Magic
 + Level 12.6 Poison Magic
 + Level 15.7 Invocations
 + Level 14.6 Evocations


You had 15 spell levels left.
You knew the following spells:

 Your Spells              Type           Power      Damage    Failure   Level
a - Spellforged Servitor  Conj/Summ      42%        N/A       1%          7
b - Frozen Ramparts       Ice            100%       1d12      0%          3
c - Ozocubu's Armour      Ice            100%       N/A       0%          3
d - Hailstorm             Conj/Ice       100%       3d20      1%          4
e - Orb of Destruction    Conj           40%        9d14      3%          7
g - Invisibility          Hex            40%        N/A       1%          6
h - Statue Form           Tmut/Erth      53%        N/A       1%          6

Your spell library contained the following spells:

 Spells                   Type           Power      Damage    Failure   Level
 Animate Skeleton         Necr           100%       N/A       0%          1
 Beastly Appendage        Tmut           100%       N/A       0%          1
 Freeze                   Ice            100%       1d11      0%          1
 Pain                     Necr           100%       1d9       0%          1
 Sandblast                Erth           100%       2d20      0%          1
 Shock                    Conj/Air       100%       1d9       0%          1
 Summon Small Mammal      Summ           100%       N/A       0%          1
 Blink                    Tloc           N/A        N/A       0%          2
 Passwall                 Tmut/Erth      66%        N/A       0%          2
 Slow                     Hex            80%        N/A       0%          2
 Wereblood                Tmut           80%        N/A       0%          2
 Summon Guardian Golem    Hex/Summ       85%        N/A       0%          3
 Inner Flame              Hex/Fire       80%        N/A       1%          3
 Lesser Beckoning         Tloc           40%        N/A       1%          3
 Spider Form              Tmut/Pois      40%        N/A       1%          3
 Swiftness                Air            80%        N/A       1%          3
 Tukima's Dance           Hex            80%        N/A       1%          3
 Vampiric Draining        Necr           40%        2d11      1%          3
 Airstrike                Air            40%        N/A       1%          4
 Animate Dead             Necr           40%        N/A       1%          4
 Cause Fear               Hex            40%        N/A       1%          4
 Ice Form                 Ice/Tmut       100%       N/A       1%          4
 Leda's Liquefaction      Hex/Erth       40%        N/A       1%          4
 Passage of Golubria      Tloc           N/A        N/A       1%          4
 Summon Ice Beast         Ice/Summ       100%       N/A       1%          4
 Summon Lightning Spire   Summ/Air       85%        N/A       1%          4
 Agony                    Necr           80%        N/A       1%          5
 Bolt of Magma            Conj/Fire/Erth 40%        4d17      1%          5
 Iskenderun's Battlesphe  Conj           80%        2d13      1%          5
 Lee's Rapid Deconstruct  Erth           40%        3d21*     1%          5
 Lightning Bolt           Conj/Air       40%        1d59      1%          5
 Manifold Assault         Tloc           80%        N/A       1%          5
 Summon Mana Viper        Hex/Summ       85%        N/A       1%          5
 Yara's Violent Unravell  Hex/Tmut       40%        3d16      1%          5
 Conjure Ball Lightning   Conj/Air       40%        3x3d13    1%          6
 Dispersal                Tloc           40%        N/A       1%          6
 Iron Shot                Conj/Erth      40%        9d8       1%          6
 Discord                  Hex            40%        N/A       26%         8
 Disjunction              Tloc           40%        N/A       26%         8


Dungeon Overview and Level Annotations

Branches:
Dungeon (15/15)            Temple (1/1) D:7            Lair (6/6) D:11
 Shoals (4/4) Lair:2       Spider (4/4) Lair:3        Slime (0/5) Lair:6
    Orc (2/2) D:11            Elf (3/3) Orc:2        Vaults (4/5) D:13
  Crypt (0/3) Vaults:2     Depths (0/5) D:15          Sewer (visited)
  IceCv (visited)

Altars:
Ashenzari
Dithmenos
Elyvilon
Fedhas
Gozag
Hepliaklqana
Kikubaaqudgha
Makhleb
Okawaru
Qazlal
Ru
Sif Muna
Trog
Uskayaw
Vehumet
Wu Jian
Xom
Yredelemnul
Zin
Beogh
Jiyva

Shops:
D:4 =   D:7 ?   D:11 [   D:13 *   D:15 ?   Orc:2 =**   Elf:1 !   Elf:2 *
Elf:3 ?![   Shoals:4 ?   Vaults:2 *[!?   Vaults:3 *   Vaults:4 !


Innate Abilities, Weirdness & Mutations

You are a living statue of rough stone.
Your actions are slow, but your melee attacks are powerful.
You are resistant to unholy torment.
Your maximum health is greatly increased.
You are immune to poison.
Your equipment is partially melded.
You have very sharp teeth.
Your uncanny sense of smell can sniff out nearby items.
Your experience applies equally to all skills.
Your mind is acute. (Int +2)


Message History

The hail pelts the ghostly deep elf death mage!!
You destroy the ghostly deep elf death mage!
The hail pelts the ghostly deep elf death mage!!
The ghostly deep elf death mage is heavily damaged.
The hail pelts the Hell Sentinel!
The Hell Sentinel partially resists.
The Hell Sentinel is moderately wounded.
The hail pelts the deep elf elementalist!
The deep elf elementalist is severely wounded.
The deep elf high priest is no longer giving off an aura.
You block the deep elf blademaster's attack.
The deep elf blademaster hits you but does no damage.
The deep elf annihilator gestures wildly while chanting.
The deep elf annihilator blinks!
The deep elf blademaster hits you but does no damage.
The deep elf blademaster barely misses you.
The deep elf annihilator casts a spell.
The deep elf annihilator blinks!
Casting: Hailstorm (safe; 1% risk of failure)
Confirm with . or Enter, or press ? or * to list all spells.
Casting: Frozen Ramparts (safe; 0% risk of failure)
Press: ? - help, Dir - look around, f - activate You feel a surge of power!
The walls around you are covered in ice.
The wall freezes the deep elf blademaster.
The deep elf blademaster hits you but does no damage.
You block the deep elf blademaster's attack.
The wall freezes the deep elf elementalist. x2
The wall freezes the deep elf blademaster.
The deep elf blademaster hits you but does no damage.
The deep elf blademaster barely misses you.
The deep elf high priest intones a terrible prayer.
The deep elf high priest mumbles some strange prayers to its god.
The deep elf high priest begins emitting a brilliant aura!
The deep elf elementalist is empowered by the deep elf high priest's aura!
The Hell Sentinel completely resists.
The wall freezes the Hell Sentinel but does no damage.
The wall freezes the deep elf annihilator.
The deep elf annihilator gestures at you while chanting.
The iron shot hits you!!!!
You die... ....... ..e.. ..eee 32e ee1

#e# #e# #8# #e# #.# #.#
#############.###
#...............#
#....[..######..# #
##.....## #..#####.#
##...########........####


You could see a Hell Sentinel (summoned), a deep elf blademaster, a deep elf
master archer, 2 deep elf annihilators, a ghostly deep elf death mage
(empowered), a deep elf sorcerer (fast, empowered), 2 deep elf elementalists, a
sun demon (summoned), a shadow demon (summoned), a deep elf demonologist
(empowered) and a deep elf high priest (brilliance aura).

Vanquished Creatures
  An ancient lich (Vaults:4)
  Mennas (Vaults:2)
  Arachne (Spider:4)
  The ghost of ABBCCCDDDD the Warrior, an adept OpMo of Gozag (Shoals:1)
  Rupert (D:12)
  A deep elf master archer (Elf:3)
  3 deep elf blademasters
  Agnes (Spider:4)
  A kraken (Shoals:2)
  Gastronok (Lair:3)
  5 sphinxes
  Kirke (Spider:2)
  Polyphemus (Shoals:3)
  A daeva (Abyss:3)
  2 tengu reavers (Abyss:3)
  A fire giant (Vaults:1)
  5 deep elf sorcerers
  5 ghost moths
  6 vault wardens
  2 orc warlords
  3 emperor scorpions (Spider:4)
  14 ironbound preservers
  A deep elf elementalist (Elf:3)
  5 very ugly things
  A starcursed mass (Abyss:3)
  2 spark wasps (Spider:4)
  24 slime creatures
  2 deep elf annihilators
  A dire elephant (Abyss:3)
  4 entropy weavers
  The ghost of Luuwnalu the Nimble, a journeyman KoHu of Okawaru (Lair:3)
  2 merfolk impalers (Shoals:4)
  2 ettins (Vaults:2)
  4 deep elf death magi (Elf:3)
  A deep elf high priest (Elf:3)
  A great orb of eyes (Vaults:3)
  6 yaktaur captains
  3 ironbound thunderhulks
  2 shambling mangroves (Abyss:3)
  3 peacekeepers
  3 ice dragons (IceCv)
  Erolcha (D:13)
  2 rakshasas
  10 hydras
  6 vault guards
  15 ironbound frosthearts
  6 boulder beetles
  3 ogre magi
  9 centaur warriors
  2 merfolk aquamancers
  10 dancing weapons (Elf:2)
  11 two-headed ogres
  An ironbound beastmaster (Vaults:4)
  A deep troll earth mage (Vaults:4)
  2 death yaks (Shoals:3)
  4 orc high priests
  6 tengu warriors
  9 deep elf knights (Elf:2)
  The ghost of Borgoz the Carver, a novice GrBe of Trog (D:7)
  The ghost of diceflayer the Blocker, a novice MiFi of Okawaru (D:7)
  2 goliath frogs (Lair:6)
  6 sea snakes
  4 skeletal warriors (D:15)
  27 deep trolls
  3 deep elf archers (Elf:2)
  A quicksilver dragon simulacrum (Vaults:3)
  14 wizards
  A phantasmal warrior (Vaults:4)
  13 ironbound convokers
  12 deep elf pyromancers
  4 lindwurms
  9 deep elf zephyrmancers
  6 nameless horrors
  19 harpies
  An orange crystal statue (IceCv)
  16 orc knights
  2 necromancers
  10 orb spiders
  8 cyclopes
  4 manticores
  2 orc sorcerers
  19 wolf spiders
  5 fauns (Shoals:1)
  35 ugly things
  4 oklob plants (Lair:6)
  32 elephants
  5 black mambas
  A merfolk siren (Shoals:1)
  An apocalypse crab (Abyss:3)
  13 vault sentinels
  24 cane toads
  Maurice (D:8)
  A smoke demon (Abyss:3)
  A water nymph (Abyss:3)
  4 gargoyles
  An efreet (D:15)
  13 rime drakes
  14 yaktaurs
  13 komodo dragons
  2 unseen horrors
  3 kobold demonologists
  A tengu conjurer (D:14)
  13 demonic crawlers
  8 trolls
  24 jumping spiders
  6 merfolk
  7 polar bears
  Grinder (D:3)
  3 tyrant leeches (Lair:6)
  8 hornets
  3 meliai (D:14)
  A shadow dragon simulacrum (Vaults:3)
  22 blink frogs
  A polar bear (shapeshifter) (D:13)
  2 dream sheep
  A raiju (Abyss:3)
  Sigmund (D:4)
  72 redbacks
  4 wyverns
  An air elemental (Elf:1)
  A shadow (D:13)
  38 tarantellas
  5 hogs (Spider:2)
  3 basilisks
  47 yaks
  9 humans (D:13)
  7 water elementals
  2 steam dragons
  2 fire elementals
  15 vampire mosquitoes
  A harpy simulacrum (Shoals:4)
  2 acid dragons
  14 wargs
  11 water moccasins
  2 ice beasts
  60 orc warriors
  3 sky beasts
  A black bear (D:7)
  A necrophage (D:5)
  2 boggarts
  4 wolves (Lair:5)
  3 centaurs
  8 ogres
  Blork the orc (D:4)
  24 bullfrogs
  4 kobold brigands
  An earth elemental (Elf:2)
  5 scorpions
  A glowing shapeshifter simulacrum (Vaults:3)
  3 wyvern zombies
  A water moccasin skeleton (D:5)
  5 wights (D:9)
  3 howler monkeys (D:7)
  2 electric eels (Spider:4)
  2 centaur zombies
  2 bullfrog zombies (D:6)
  2 hounds
  A bullfrog skeleton (D:6)
  2 gnoll shamans
  13 orc priests
  A quasit (Abyss:3)
  3 centaur skeletons
  A jelly (D:7)
  Natasha (thrice) (D:2)
  6 hell rats (Lair:6)
  3 iguanas
  24 orc wizards
  3 polar bear simulacra (Lair:6)
  A yak simulacrum (Lair:6)
  A wolf simulacrum (Lair:6)
  2 killer bee zombies
  A howler monkey zombie (D:6)
  10 gnolls
  17 adders
  3 howler monkey skeletons
  A river rat (Sewer)
  A white imp (D:5)
  An adder skeleton (D:4)
  4 worms
  2 dart slugs
  119 orcs
  7 ball pythons
  7 endoplasms
  7 giant cockroaches
  5 goblins
  4 hobgoblins
  6 jackals
  26 kobolds
  2 quokkas
  3 bats
  2 frilled lizards
  A quokka skeleton (D:4)
  8 rats
  6 river rat simulacra (Lair:6)
  A tentacle (Shoals:2)
1366 creatures vanquished.

Vanquished Creatures (collateral kills)
  An ancient lich (Vaults:4)
  The ghost of tamionv the Dancer, an adept GrFi of Uskayaw (Vaults:3)
  A titan (Shoals:1)
  A deep elf blademaster (Abyss:3)
  A sphinx (Vaults:1)
  Frances (Shoals:1)
  3 vault wardens
  2 deep elf sorcerers
  Aizul (Shoals:2)
  2 frost giants (IceCv)
  A very ugly thing (Vaults:2)
  A stone giant (Vaults:4)
  A white draconian (IceCv)
  An ettin (D:15)
  6 merfolk javelineers
  2 merfolk impalers
  A jiangshi (Vaults:2)
  3 ice dragons (IceCv)
  A boulder beetle (Spider:3)
  3 ironbound thunderhulks
  A two-headed ogre (Vaults:3)
  A hydra (D:14)
  7 ironbound frosthearts
  4 merfolk aquamancers
  4 centaur warriors
  13 dancing weapons (Elf:2)
  A catoblepas (Shoals:4)
  A merfolk avatar (Shoals:3)
  A satyr (Shoals:3)
  3 alligator snapping turtles
  2 tengu warriors
  2 ironbound beastmasters (Vaults:1)
  4 deep elf knights (Elf:2)
  A skeletal warrior (Vaults:2)
  8 sea snakes
  A kraken simulacrum (Shoals:4)
  6 ironbound convokers
  A lindwurm (Vaults:1)
  3 deep trolls
  A swamp dragon (shapeshifter) (Elf:2)
  A phantasmal warrior (Vaults:2)
  An orc knight (Vaults:1)
  4 wizards
  8 deep elf pyromancers
  2 orb spiders
  A wolf spider (Spider:4)
  10 ugly things
  3 harpies
  7 deep elf zephyrmancers
  5 manticores
  12 fauns
  2 merfolk sirens
  5 water nymphs
  7 vault sentinels
  18 yaktaurs
  6 rime drakes (IceCv)
  A tengu conjurer (D:14)
  A freezing wraith (Vaults:2)
  An anaconda simulacrum (Shoals:4)
  2 demonic crawlers
  5 jumping spiders
  A jumping spider (shapeshifter) (Elf:3)
  6 wind drakes
  20 merfolk
  2 polar bears (IceCv)
  A wind drake (shapeshifter) (D:15)
  11 slime creatures
  A blink frog (Lair:5)
  5 snapping turtles (Shoals:4)
  An air elemental (Elf:2)
  3 water elementals
  3 redbacks
  2 tarantellas
  A fire elemental (Elf:2)
  2 minotaur simulacra (Shoals:4)
  2 harpy simulacra (Shoals:4)
  A floating eye (shapeshifter) (Vaults:4)
  An orc warrior (Vaults:1)
  An alligator simulacrum (Shoals:4)
  2 centaurs (Shoals:1)
  2 boggarts (Vaults:1)
  2 tentacles
271 creatures vanquished.

Vanquished Creatures (others)
  Asterion (Spider:4)
  A merfolk aquamancer (Shoals:1)
  A wolf spider (Spider:4)
  A deep elf pyromancer (Elf:1)
  A deep elf zephyrmancer (Elf:2)
  A manticore (D:11)
  A merfolk siren (Shoals:2)
  A jumping spider (Spider:1)
  A tarantella (Spider:1)
  A water elemental (Elf:2)
  A human (D:13)
  An alligator simulacrum (Shoals:4)
  41 fungi
  178 plants
  13 tentacles
  5 withered plants (D:7)
249 creatures vanquished.

Grand Total: 1886 creatures vanquished

Notes
Turn   | Place    | Note
-------+----------+-------------------------------------------
     0 | D:1      | Crownlay the Gnoll Ice Elementalist began the quest for the
                  | Orb.
     0 | D:1      | Reached XP level 1. HP: 13/13 MP: 6/6
     2 | D:1      | Noticed a barachi
     2 | D:1      | Noticed a vine stalker
     4 | D:1      | Noticed a demonspawn
     6 | D:1      | Noticed a gargoyle
     8 | D:1      | Noticed a vampire
     8 | D:1      | Noticed a troll
    10 | D:1      | Noticed a minotaur
    10 | D:1      | Noticed a demigod
    12 | D:1      | Noticed a human
    12 | D:1      | Noticed a naga
    14 | D:1      | Noticed a felid
    16 | D:1      | Noticed an elf
    16 | D:1      | Noticed a draconian
    18 | D:1      | Noticed a spriggan
    18 | D:1      | Noticed a ghoul
    20 | D:1      | Noticed a palentonga
    20 | D:1      | Noticed an ogre
    22 | D:1      | Noticed a merfolk
    22 | D:1      | Noticed an octopode
    24 | D:1      | Noticed a tengu
    24 | D:1      | Noticed a dwarf
    26 | D:1      | Noticed a djinni
    26 | D:1      | Noticed a formicid
   156 | D:1      | Reached XP level 2. HP: 19/19 MP: 5/7
   848 | D:2      | Reached XP level 3. HP: 19/25 MP: 1/9
   852 | D:2      | Learned a level 3 spell: Frozen Ramparts
   868 | D:2      | Reached skill level 5 in Spellcasting
   872 | D:2      | Learned a level 3 spell: Ozocubu's Armour
   933 | D:2      | Reached skill level 1 in Invocations
   957 | D:2      | Reached skill level 1 in Fighting
   957 | D:2      | Reached skill level 1 in Short Blades
   957 | D:2      | Reached skill level 1 in Long Blades
   957 | D:2      | Reached skill level 1 in Axes
   957 | D:2      | Reached skill level 1 in Maces & Flails
   957 | D:2      | Reached skill level 1 in Polearms
   957 | D:2      | Reached skill level 1 in Staves
   957 | D:2      | Reached skill level 1 in Slings
   957 | D:2      | Reached skill level 1 in Bows
   957 | D:2      | Reached skill level 1 in Crossbows
   957 | D:2      | Reached skill level 1 in Throwing
   957 | D:2      | Reached skill level 1 in Armour
   957 | D:2      | Reached skill level 1 in Shields
   957 | D:2      | Reached skill level 1 in Unarmed Combat
   957 | D:2      | Reached skill level 1 in Evocations
   957 | D:2      | Reached XP level 4. HP: 32/32 MP: 4/11
  1040 | D:2      | Reached skill level 1 in Conjurations
  1040 | D:2      | Reached skill level 1 in Hexes
  1040 | D:2      | Reached skill level 1 in Summonings
  1040 | D:2      | Reached skill level 1 in Necromancy
  1040 | D:2      | Reached skill level 1 in Translocations
  1040 | D:2      | Reached skill level 1 in Transmutations
  1040 | D:2      | Reached skill level 1 in Fire Magic
  1040 | D:2      | Reached skill level 1 in Air Magic
  1040 | D:2      | Reached skill level 1 in Earth Magic
  1040 | D:2      | Reached skill level 1 in Poison Magic
  1233 | D:2      | Noticed Natasha
  1240 | D:2      | Killed Natasha
  1241 | D:2      | Reached XP level 5. HP: 18/37 MP: 5/12
  1385 | D:2      | Found a faded altar of an unknown god.
  1519 | D:2      | Noticed Natasha
  1531 | D:2      | Killed Natasha
  1725 | D:2      | Noticed Natasha
  1737 | D:2      | Killed Natasha
  1949 | D:3      | Found a glowing drain.
  1980 | Sewer    | Entered a sewer
  2034 | Sewer    | Reached XP level 6. HP: 38/44 MP: 11/13
  2375 | Sewer    | Reached skill level 5 in Dodging
  2518 | Sewer    | Reached XP level 7. HP: 16/50 MP: 10/15
  3011 | D:3      | Noticed Grinder
  3019 | D:3      | Paralysed by Grinder for 4 turns
  3046 | D:3      | Killed Grinder
  3047 | D:3      | Reached skill level 5 in Stealth
  3047 | D:3      | Reached skill level 2 in Summonings
  3580 | D:4      | Noticed Blork the orc
  3587 | D:4      | Killed Blork the orc
  3650 | D:4      | Reached XP level 8. HP: 54/57 MP: 12/16
  3702 | D:4      | Noticed Sigmund
  3727 | D:4      | Killed Sigmund
  3768 | D:4      | Found Lemi Mir's Jewellery Emporium.
  4175 | D:5      | Entered Level 5 of the Dungeon
  4188 | D:5      | Identified the +4 plate armour "Qeanoruu" {-Tele rF+++
                  | Str+2 Slay-6}
  4424 | D:5      | Reached skill level 3 in Summonings
  4751 | D:5      | Reached XP level 9. HP: 65/65 MP: 11/18
  4911 | D:6      | Found an iron altar of Okawaru.
  5020 | D:6      | Noticed a gargoyle
  5027 | D:6      | Killed a gargoyle
  5595 | D:6      | Reached skill level 5 in Invocations
  6004 | D:7      | Found a shadowy altar of Dithmenos.
  6004 | D:7      | Found a shimmering blue altar of Sif Muna.
  6004 | D:7      | Found a blossoming altar of Fedhas.
  6004 | D:7      | Found a bloodstained altar of Trog.
  6012 | D:7      | Reached skill level 4 in Summonings
  6230 | D:7      | Reached XP level 10. HP: 68/73 MP: 13/20
  6364 | D:7      | Noticed diceflayer's ghost (novice MiFi)
  6364 | D:7      | Noticed Borgoz's ghost (novice GrBe)
  6365 | D:7      | Found a runed translucent gate.
  6365 | D:7      | Found a runed translucent gate.
  6365 | D:7      | Found a runed translucent gate.
  6390 | D:7      | Killed diceflayer's ghost
  6390 | D:7      | Killed Borgoz's ghost
  6391 | D:7      | Reached skill level 5 in Fighting
  6391 | D:7      | Reached skill level 5 in Short Blades
  6391 | D:7      | Reached skill level 5 in Long Blades
  6391 | D:7      | Reached skill level 5 in Axes
  6391 | D:7      | Reached skill level 5 in Maces & Flails
  6391 | D:7      | Reached skill level 5 in Polearms
  6391 | D:7      | Reached skill level 5 in Staves
  6391 | D:7      | Reached skill level 5 in Slings
  6391 | D:7      | Reached skill level 5 in Bows
  6391 | D:7      | Reached skill level 5 in Crossbows
  6391 | D:7      | Reached skill level 5 in Throwing
  6391 | D:7      | Reached skill level 5 in Armour
  6391 | D:7      | Reached skill level 5 in Shields
  6391 | D:7      | Reached skill level 5 in Unarmed Combat
  6391 | D:7      | Reached skill level 5 in Evocations
  6549 | D:7      | Reached skill level 5 in Summonings
  7056 | D:7      | Found a staircase to the Ecumenical Temple.
  7081 | Temple   | Entered the Ecumenical Temple
  7089 | Temple   | Became a worshipper of Uskayaw the Reveller
  7266 | D:7      | Found Ritsiom's Magic Scroll Emporium.
  7274 | D:7      | Bought a scroll of noise for 13 gold pieces
  7342 | D:7      | Reached * piety under Uskayaw
  7363 | D:7      | Identified the +1 helmet "Goteu" {rF+ Int+2}
  7905 | D:8      | Reached ** piety under Uskayaw
  7908 | D:8      | Reached *** piety under Uskayaw
  8012 | D:8      | Noticed Maurice
  8024 | D:8      | Killed Maurice
  8105 | D:8      | Identified the +3 hand axe of Immorality {vorpal, rC+}
  8164 | D:8      | Reached **** piety under Uskayaw
  8169 | D:8      | Reached ***** piety under Uskayaw
  8177 | D:8      | Reached ****** piety under Uskayaw
  9033 | D:9      | Found a glowing silver altar of Zin.
  9057 | D:9      | Reached XP level 11. HP: 70/80 MP: 15/22
  9096 | D:9      | Learned a level 4 spell: Hailstorm
  9405 | D:9      | Identified the +2 short sword of the Thing {flame, Fragile
                  | rPois rCorr}
  9816 | D:10     | Entered Level 10 of the Dungeon
  9861 | D:10     | Noticed a two-headed ogre
  9862 | D:10     | Noticed a red ugly thing
  9868 | D:10     | Killed a two-headed ogre
  9869 | D:10     | Reached skill level 5 in Conjurations
  9869 | D:10     | Reached skill level 5 in Hexes
  9869 | D:10     | Reached skill level 6 in Summonings
  9869 | D:10     | Reached skill level 5 in Necromancy
  9869 | D:10     | Reached skill level 5 in Translocations
  9869 | D:10     | Reached skill level 5 in Transmutations
  9869 | D:10     | Reached skill level 5 in Fire Magic
  9869 | D:10     | Reached skill level 5 in Air Magic
  9869 | D:10     | Reached skill level 5 in Earth Magic
  9869 | D:10     | Reached skill level 5 in Poison Magic
  9872 | D:10     | Killed a red ugly thing
 10890 | D:10     | Noticed a two-headed ogre
 10905 | D:10     | Killed a two-headed ogre
 11225 | D:11     | Found Ipnory Gopsi's Antique Armour Shop.
 11249 | D:11     | Noticed a manticore
 11256 | D:11     | Killed a manticore
 11401 | D:11     | Found a portal to a secret trove of treasure.
 11632 | D:11     | Reached skill level 7 in Summonings
 11834 | D:11     | Found a staircase to the Lair.
 11929 | D:11     | Found a staircase to the Orcish Mines.
 12558 | D:12     | Reached XP level 12. HP: 84/89 MP: 24/24
 13204 | D:12     | Noticed Rupert
 13987 | D:12     | Paralysed by Rupert for 7 turns
 14001 | D:12     | Killed Rupert
 14353 | D:7      | Bought a scroll of acquirement for 676 gold pieces
 14353 | D:7      | Acquired 1042 gold pieces
 14449 | D:4      | Bought the amulet of Darkness {Faith *Slow Will++ Int+2}
                  | for 540 gold pieces
 14736 | Lair:1   | Entered Level 1 of the Lair of Beasts
 14844 | Lair:1   | Learned a level 5 spell: Iskenderun's Battlesphere
 14846 | Lair:1   | Learned a level 1 spell: Shock
 14941 | Lair:1   | Reached skill level 8 in Summonings
 15145 | Lair:1   | Noticed a four-headed hydra
 15156 | Lair:1   | Killed a four-headed hydra
 15568 | Lair:1   | Learned a level 6 spell: Invisibility
 15690 | Lair:2   | Noticed an eight-headed hydra
 15699 | Lair:2   | Killed an eight-headed hydra
 15702 | Lair:2   | Reached XP level 13. HP: 68/98 MP: 26/26
 16555 | Lair:2   | Found a staircase to the Shoals.
 17018 | Lair:3   | Reached skill level 9 in Summonings
 17179 | Lair:3   | Found a hole to the Spider Nest.
 17191 | Lair:3   | Reached skill level 10 in Ice Magic
 17454 | Lair:3   | Found a runed translucent door.
 17454 | Lair:3   | Noticed Luuwnalu's ghost (journeyman KoHu)
 17479 | Lair:3   | Found a hide-covered altar of Uskayaw.
 17656 | Lair:3   | Killed Luuwnalu's ghost
 17797 | Lair:3   | Identified the +4 scale mail of Eternal Vigilance {rPois}
 17819 | Lair:3   | Noticed Gastronok
 17883 | Lair:3   | Killed Gastronok
 17884 | Lair:3   | Reached skill level 10 in Spellcasting
 18850 | Lair:4   | Reached XP level 14. HP: 60/106 MP: 28/28
 19098 | Lair:4   | Reached skill level 10 in Dodging
 19532 | Lair:4   | Reached skill level 10 in Summonings
 20097 | Lair:5   | Reached skill level 10 in Stealth
 20557 | Lair:5   | Reached skill level 10 in Invocations
 20866 | Lair:5   | Identified the ring of Jyxinkon {rCorr Dex+4}
 21066 | Lair:6   | Entered Level 6 of the Lair of Beasts
 22265 | Lair:6   | Reached XP level 15. HP: 62/115 MP: 29/29
 23137 | Lair:6   | Found a viscous altar of Jiyva.
 23137 | Lair:6   | Found a staircase to the Slime Pits.
 23258 | Lair:6   | Reached skill level 11 in Summonings
 24005 | Lair:6   | Identified the ring of Tender Moments {Str+7 Int+2 Dex+6}
 24013 | Lair:6   | Got Caeqowim's Almanac of Creative Necromancy
 24270 | Lair:6   | Acquired 729 gold pieces
 24274 | Lair:6   | Acquired the +1 pair of gloves "Nimem" {+Blink rElec Int+4}
 24345 | Lair:6   | Learned a level 6 spell: Statue Form
 24493 | Orc:1    | Entered Level 1 of the Orcish Mines
 24654 | Orc:1    | Reached skill level 10 in Fighting
 24654 | Orc:1    | Reached skill level 10 in Short Blades
 24654 | Orc:1    | Reached skill level 10 in Long Blades
 24654 | Orc:1    | Reached skill level 10 in Axes
 24654 | Orc:1    | Reached skill level 10 in Maces & Flails
 24654 | Orc:1    | Reached skill level 10 in Polearms
 24654 | Orc:1    | Reached skill level 10 in Staves
 24654 | Orc:1    | Reached skill level 10 in Slings
 24654 | Orc:1    | Reached skill level 10 in Bows
 24654 | Orc:1    | Reached skill level 10 in Crossbows
 24654 | Orc:1    | Reached skill level 10 in Throwing
 24654 | Orc:1    | Reached skill level 10 in Armour
 24654 | Orc:1    | Reached skill level 10 in Shields
 24654 | Orc:1    | Reached skill level 10 in Unarmed Combat
 24654 | Orc:1    | Reached skill level 10 in Evocations
 24732 | Orc:1    | You fall into a shaft and drop 1 floor!
 24732 | Orc:2    | Entered Level 2 of the Orcish Mines
 25004 | Orc:2    | Noticed an orc warlord
 25009 | Orc:2    | Killed an orc warlord
 25320 | Orc:2    | Found a staircase to the Elven Halls.
 25391 | Orc:2    | Found Hoppunocza's General Store.
 25391 | Orc:2    | Found Maphanau's Antique Weapon Shoppe.
 26225 | Orc:2    | Found Qudoit's Jewellery Shop.
 26225 | Orc:2    | Found Rimeat's Assorted Antiques.
 26240 | Orc:2    | Bought an emerald potion for 31 gold pieces
 26240 | Orc:2    | Bought a potion of heal wounds for 175 gold pieces
 27002 | D:13     | Noticed Erolcha
 27006 | D:13     | Cast into level 2 of the Abyss (Erolcha)
 27019 | D:13     | Escaped the Abyss
 27026 | D:13     | Killed Erolcha
 27126 | D:13     | Found Xeurul's Assorted Antiques.
 27452 | D:13     | Reached XP level 16. HP: 123/123 MP: 27/31
 27515 | D:13     | Found a gate to the Vaults.
 29010 | D:14     | Reached skill level 12 in Summonings
 29213 | D:14     | Learned a level 7 spell: Spellforged Servitor
 29223 | D:14     | Learned a level 7 spell: Orb of Destruction
 29809 | D:15     | Entered Level 15 of the Dungeon
 30160 | D:15     | Found a staircase to the Depths.
 30261 | D:15     | Found Sipsanewk's Magic Scroll Boutique.
 30267 | D:15     | Bought a scroll of acquirement for 624 gold pieces
 30267 | D:15     | Acquired a +2 cloak of preservation
 31543 | Spider:1 | Entered Level 1 of the Spider Nest
 31979 | Spider:1 | Gained mutation: Your mind is acute. (Int +2) [mutagenic
                  | glow]
 32691 | Spider:2 | Noticed Kirke
 32714 | Spider:2 | Killed Kirke
 33221 | Spider:2 | Reached XP level 17. HP: 131/131 MP: 3/33
 35253 | Orc:2    | Bought a ring of see invisible for 165 gold pieces
 36417 | Spider:3 | Reached skill level 13 in Summonings
 36670 | Spider:3 | Identified the +11 hunting sling "Viallem" {vorpal, rC+
                  | rCorr Int+3}
 36784 | Spider:4 | Entered Level 4 of the Spider Nest
 36784 | Spider:4 | Noticed Agnes
 36793 | Spider:4 | Killed Agnes
 37042 | Spider:4 | Noticed Arachne
 37070 | Spider:4 | Killed Arachne
 37071 | Spider:4 | Reached skill level 10 in Conjurations
 37071 | Spider:4 | Reached skill level 10 in Hexes
 37071 | Spider:4 | Reached skill level 10 in Necromancy
 37071 | Spider:4 | Reached skill level 10 in Translocations
 37071 | Spider:4 | Reached skill level 10 in Transmutations
 37071 | Spider:4 | Reached skill level 10 in Fire Magic
 37071 | Spider:4 | Reached skill level 10 in Air Magic
 37071 | Spider:4 | Reached skill level 10 in Earth Magic
 37071 | Spider:4 | Reached skill level 10 in Poison Magic
 37515 | Spider:4 | Identified the ring of Bameum {rElec rPois Str-4 Dex+6
                  | Stlth-}
 37788 | Spider:4 | Noticed Asterion
 37798 | Spider:4 | Killed Asterion
 38665 | Spider:4 | Reached XP level 18. HP: 140/140 MP: 0/34
 38812 | Spider:4 | Got a gossamer rune of Zot
 38963 | Shoals:1 | Entered Level 1 of the Shoals
 39646 | Shoals:1 | Identified the +6 scale mail of Wapyfet {Regen+ Str+8
                  | Int-5}
 39901 | Shoals:1 | Noticed Frances
 39912 | Shoals:1 | Killed Frances
 39960 | Shoals:1 | Noticed a titan
 39992 | Shoals:1 | Killed a titan
 40006 | Shoals:1 | Identified the +5 mace of Uskayaw's Whim {spect, Will-
                  | Dex+5}
 40389 | Shoals:1 | Found a runed translucent gate.
 40389 | Shoals:1 | Found a runed translucent gate.
 40389 | Shoals:1 | Found a runed translucent gate.
 40393 | Shoals:1 | Noticed ABBCCCDDDD's ghost (adept OpMo)
 40474 | Shoals:1 | Cast into level 3 of the Abyss (ABBCCCDDDD's ghost)
 40474 | Abyss:3  | Noticed a deep elf blademaster
 40474 | Abyss:3  | Found a corrupted altar of Lugonu.
 40483 | Abyss:3  | Killed a deep elf blademaster
 40487 | Abyss:3  | Got an abyssal rune of Zot
 40689 | Abyss:3  | Noticed a deep elf blademaster
 40694 | Abyss:3  | Killed a deep elf blademaster
 40711 | Shoals:1 | Escaped the Abyss
 40718 | Shoals:1 | Paralysed by a Zot trap for 2 turns
 40727 | Shoals:1 | Killed ABBCCCDDDD's ghost
 40733 | Shoals:1 | Identified the +0 pair of gloves "Puzuall" {rPois Str+3}
 41260 | Shoals:2 | Noticed Aizul
 41266 | Shoals:2 | Killed Aizul
 42071 | Shoals:3 | Reached skill level 14 in Summonings
 43078 | Shoals:4 | Entered Level 4 of the Shoals
 43078 | Shoals:4 | Noticed Polyphemus
 43099 | Shoals:3 | Killed Polyphemus
 43458 | Shoals:4 | Found a frozen archway.
 43487 | IceCv    | Entered an ice cave
 43781 | IceCv    | Reached XP level 19. HP: 147/147 MP: 19/36
 45944 | Shoals:4 | Found Nyfuinar's Magic Scroll Boutique.
 45965 | Shoals:4 | Bought a scroll of blinking for 142 gold pieces
 45965 | Shoals:4 | Bought a scroll of fog for 38 gold pieces
 46008 | Shoals:4 | Got the Tome of Hexes and Lightness
 47026 | Shoals:4 | Bought a scroll of enchant armour for 142 gold pieces
 47126 | Shoals:4 | Got a barnacled rune of Zot
 47924 | Vaults:1 | Entered Level 1 of the Vaults
 49812 | Vaults:1 | Found the +7 great mace "Firestarter" {inner flame, rF++}
 50216 | Vaults:2 | Reached XP level 20. HP: 156/156 MP: 29/37
 50775 | Vaults:1 | Reached skill level 15 in Summonings
 51095 | Vaults:2 | Found Lamuuhyc's Magic Scroll Boutique.
 51117 | Vaults:2 | Bought a scroll of acquirement for 988 gold pieces
 51117 | Vaults:2 | Bought a scroll of fog for 38 gold pieces
 51117 | Vaults:2 | Bought a scroll of fog for 38 gold pieces
 51128 | Vaults:2 | Acquired a staff of earth
 51155 | Vaults:2 | Found Jeckiam's Distillery.
 51160 | Vaults:2 | Bought a potion of curing for 39 gold pieces
 51167 | Vaults:2 | Found a staircase to the Crypt.
 51300 | Vaults:2 | Noticed Mennas
 51340 | Vaults:2 | Killed Mennas
 51583 | Vaults:2 | Found Woumobu's Armour Emporium.
 52164 | Vaults:2 | Found Pofeam's General Store.
 52172 | Vaults:2 | Bought a scroll of fog for 24 gold pieces
 52172 | Vaults:2 | Bought a scroll of blinking for 90 gold pieces
 52201 | Vaults:2 | Identified the +2 hat of Nekiaxop {rN+ Int+3 Dex-5 SInv}
 52781 | Vaults:3 | Found Qeummia's General Store.
 52884 | Vaults:3 | Identified the +0 pair of gloves of Zufoeduw {rF+}
 52888 | Vaults:3 | Found a runed translucent gate.
 52888 | Vaults:3 | Found a runed translucent gate.
 52888 | Vaults:3 | Found a runed translucent gate.
 52893 | Vaults:3 | Noticed tamionv's ghost (adept GrFi)
 54864 | Vaults:3 | Reached XP level 21. HP: 164/164 MP: 39/39
 55585 | Vaults:3 | Killed tamionv's ghost
 55596 | Vaults:3 | Identified the +1 hat "Ewut" {Int+4}
 55991 | Vaults:4 | Reached skill level 15 in Invocations
 56857 | Vaults:4 | Noticed an ancient lich
 56873 | Vaults:4 | Killed an ancient lich
 56888 | Vaults:4 | Reached skill level 16 in Summonings
 56991 | Vaults:4 | Noticed an ancient lich
 57021 | Vaults:4 | Killed an ancient lich
 58078 | Vaults:4 | Found Yxaklem's Distillery.
 58087 | Vaults:4 | Bought a potion of curing for 48 gold pieces
 58087 | Vaults:4 | Bought a potion of curing for 48 gold pieces
 58087 | Vaults:4 | Bought a potion of curing for 48 gold pieces
 58359 | D:11     | You paid a toll of 18 potions of curing to enter a treasure
                  | trove
 58360 | Trove    | Entered a treasure trove
 58393 | Trove    | Identified the ring of the Distant Future {AC+4 Int+6}
 58397 | Trove    | Identified the ring "Sisujeth" {Ice Str+3 Int+4 Dex+5}
 58399 | Trove    | Identified the amulet of Equilibrium {Acrobat rElec rC+}
 59307 | Elf:1    | Entered Level 1 of the Elven Halls
 59312 | Elf:1    | Reached skill level 15 in Spellcasting
 59548 | Elf:1    | Reached XP level 22. HP: 172/172 MP: 20/41
 59898 | Elf:1    | Found Huitom's Distillery.
 59902 | Elf:1    | Bought a potion of heal wounds for 100 gold pieces
 59902 | Elf:1    | Bought a potion of heal wounds for 100 gold pieces
 59904 | Elf:1    | You fall into a shaft and drop 1 floor!
 60470 | Elf:2    | Reached skill level 15 in Dodging
 61272 | Elf:2    | Reached skill level 15 in Stealth
 61532 | Elf:2    | Found Xoquerphe's General Store.
 61553 | Elf:2    | Bought a potion of magic for 144 gold pieces
 61760 | Elf:2    | Found a runed translucent gate.
 61761 | Elf:2    | Found a runed translucent gate.
 61761 | Elf:2    | Found a runed translucent gate.
 62473 | Elf:3    | Entered Level 3 of the Elven Halls
 62820 | Elf:3    | Found Jontoaps's Armour Shop.
 62830 | Elf:3    | Found Daoluamy's Distillery.
 62885 | Elf:3    | Found Beuwk's Magic Scroll Emporium.
 62891 | Elf:3    | Bought a scroll of acquirement for 728 gold pieces
 62891 | Elf:3    | Bought a scroll of blinking for 105 gold pieces
 62891 | Elf:3    | Bought a scroll of blinking for 105 gold pieces
 62891 | Elf:3    | Bought a scroll of blinking for 105 gold pieces
 62892 | Elf:3    | Acquired 635 gold pieces
 63089 | Elf:3    | Killed from afar by a deep elf annihilator

Illustrated notes

Levels and vault maps discovered:
D:1:      kb_arrival_jail, layout_loops_cross, nrook_loot_triangle
D:2:      layout_rooms, chequers_ecumenical_altar_twisty, uniq_natasha
D:3:      layout_basic, gup_sewer_entry_glass, uniq_grinder
D:4:      layout_rooms, serial_shops, shop, uniq_sigmund, uniq_blork_the_orc
D:5:      layout_rooms
D:6:      layout_loops_ring, okawaru_trees_2, minmay_manual_mess
D:7:      layout_layer_cave, chequers_temple_overflow_statue_of_worship,
          minmay_temple_entry_antechambers, serial_rivers,
          chequers_serial_rivers_room_b, chequers_serial_rivers_micro_a,
          chequers_serial_rivers_marsh, chequers_serial_rivers_room_b,
          chequers_serial_rivers_micro_d, chequers_serial_rivers_room_b,
          serial_shops, shop, gammafunk_ghost_cemetery, serial_bayou_pond_c
D:8:      layout_cave_pools, uniq_maurice
D:9:      layout_stronghold, mainiacjoe_overflow_six_doors_small
D:10:     layout_irregular_city
D:11:     layout_loops_ring, erik_lair_orcish_takeover,
          minmay_orc_entry_temple_small, nicolae_trove_entry_columns,
          serial_shops, shop
D:12:     layout_loops_cross, uniq_rupert
D:13:     layout_layer_cave, ximxim_vaults_locker_room, serial_shops, shop,
          uniq_erolcha
D:14:     layout_irregular_city, infiniplex_staircase_zigzag_2,
          chequers_mini_garden
D:15:     hangedman_depths_entry_civil_slaughter, layout_basic, minivault_23,
          serial_shops, nicolae_shop_temple_entry_statues_fountains
Temple:   nicolae_temple_x_marks_the_god
Lair:1:   layout_cave_shapes, serial_bayou_shore_a, grunt_megastairs_4
Lair:2:   layout_loops_ring, elwin_shoals_entry_rocks, lemuel_fruit_fields
Lair:3:   layout_regular_city, nicolae_spider_entry_non_spiders, basic_altar,
          ebering_ghost_inner_flame, uniq_gastronok
Lair:4:   layout_regular_city, st_stairs_11, chequers_serial_rivers_micro_d,
          minmay_lair_drake_nest
Lair:5:   layout_regular_city
Lair:6:   minmay_lair_end_frog_pond, layout_regular_city,
          dpeg_slime_entry_enclosed_altar, eino_house_with_fridge,
          grunt_megastairs_3, infiniplex_staircase_pool_2,
          minmay_lair_oklob_chamber
Shoals:1: cheibrodos_shoals_gigantism, layout_shoals,
          gammafunk_ghost_tricky_traps, uniq_frances
Shoals:2: layout_shoals, uniq_aizul
Shoals:3: layout_shoals
Shoals:4: shoals_end_grunt_ice, layout_shoals, serial_shops, shop_statue,
          portal_ice_cave_entry_ice_simulacra, uniq_polyphemus
Spider:1: layout_spider_delve, nicolae_spider_some_kinda_spiderbox,
          hangedman_spider_tarantella_strand
Spider:2: layout_spider_delve, uniq_kirke
Spider:3: layout_spider_delve
Spider:4: spider_rune_water, uniq_arachne, uniq_agnes, uniq_asterion
Orc:1:    layout_caves, rock_pile
Orc:2:    st_orc_town, layout_caves, guppyfry_orc_lava_fort
Elf:1:    minmay_elf_arrival_circle, layout_geoelf_octagon, serial_shops, shop,
          minmay_elf_annihilation
Elf:2:    nicolae_elf_blades_crystal_corner, layout_gridlike, serial_shops, shop
Elf:3:    elf_hall, layout_loops_corners, serial_shops, shop,
          nicolae_square_shop, shop_scrolls, drop_trap
Vaults:1: special_room_vaults [special_room_orc], v_alt_pattern_6, v_misc_24,
          grunt_vaults_funnel, v_pattern_2, vaults_room_octagon,
          vaults_dpeg_diagonal, v_alt_pattern_6, v_misc_10,
          grunt_vaults_trifunnel, layout_vaults_omnigrid
Vaults:2: ontoclasm_vaults_shout, v_alt_pattern_5, ontoclasm_vaults_chip,
          ontoclasm_vaults_pinch, v_pattern_1, v_misc_27, vaults_room_pool,
          v_misc_11, minmay_crypt_entry_simple_statues, vaults_room_corners,
          nicolae_vaults_asterisk, layout_vaults_omnibox, serial_shops, shop,
          shop, nicolae_shop_temple_entry_statues_fountains,
          nicolae_shop_waterfront, uniq_mennas
Vaults:3: gammafunk_vaults_ghost_tricky_traps, ontoclasm_vaults_shuriken,
          hangedman_vaults_restitches, nicolae_vaults_network_barrier,
          v_misc_32, v_misc_13, nicolae_vaults_what_the_h, vaults_mumra_lcd,
          vaults_room_large_hall, nicolae_vaults_little_squares_6, v_misc_27,
          hangedman_vaults_trim, v_misc_22, layout_vaults_big_cross,
          serial_shops, nicolae_diamond_shop
Vaults:4: nicolae_vaults_sealed_display,
          vaults_standard_mumra_enter_the_diamond, hangedman_vaults_snaps,
          v_rooms_5, dpeg_vaults_waves, dpeg_vaults_monster_row,
          hangedman_vaults_impose, hangedman_vaults_capsules,
          nicolae_vaults_little_squares_2, vaults_dpeg_cross, v_alt_pattern_4,
          v_misc_23, vaults_room_semicircle, v_misc_24, layout_vaults_maze,
          serial_shops, shop

Skill      XL: |  1  2  3  4  5  6  7  8  9 10 11 12 13 14 15 16 17 18 19 20 21 22 |
---------------+-------------------------------------------------------------------+-----
Spellcasting   | 5 6 7 8 9 10 11 12 13 14 15 | 15.3
Invocations    | 1 2 3 4 5 6 7 8 9 10 11 12 13 14 15 | 15.7
Fighting       | 1 2 3 4 5 6 7 8 9 10 11 12 13 14 | 14.6
Short Blades   | 1 2 3 4 5 6 7 8 9 10 11 12 13 14 | 14.6
Long Blades    | 1 2 3 4 5 6 7 8 9 10 11 12 13 14 | 14.6
Axes           | 1 2 3 4 5 6 7 8 9 10 11 12 13 14 | 14.6
Maces & Flails | 1 2 3 4 5 6 7 8 9 10 11 12 13 14 | 14.6
Polearms       | 1 2 3 4 5 6 7 8 9 10 11 12 13 14 | 14.6
Staves         | 1 2 3 4 5 6 7 8 9 10 11 12 13 14 | 14.6
Slings         | 1 2 3 4 5 6 7 8 9 10 11 12 13 14 | 14.6
Bows           | 1 2 3 4 5 6 7 8 9 10 11 12 13 14 | 14.6
Crossbows      | 1 2 3 4 5 6 7 8 9 10 11 12 13 14 | 14.6
Throwing       | 1 2 3 4 5 6 7 8 9 10 11 12 13 14 | 14.6
Armour         | 1 2 3 4 5 6 7 8 9 10 11 12 13 14 | 14.6
Shields        | 1 2 3 4 5 6 7 8 9 10 11 12 13 14 | 14.6
Unarmed Combat | 1 2 3 4 5 6 7 8 9 10 11 12 13 14 | 14.6
Evocations     | 1 2 3 4 5 6 7 8 9 10 11 12 13 14 | 14.6
Conjurations   | 1 2 3 4 5 6 7 8 9 10 11 12 | 12.6
Hexes          | 1 2 3 4 5 6 7 8 9 10 11 12 | 12.6
Summonings     | 1 2 3 4 5 7 8 9 10 11 12 13 14 15 16 | 16.6
Necromancy     | 1 2 3 4 5 6 7 8 9 10 11 12 | 12.6
Translocations | 1 2 3 4 5 6 7 8 9 10 11 12 | 12.6
Transmutations | 1 2 3 4 5 6 7 8 9 10 11 12 | 12.6
Fire Magic     | 1 2 3 4 5 6 7 8 9 10 11 12 | 12.6
Air Magic      | 1 2 3 4 5 6 7 8 9 10 11 12 | 12.6
Earth Magic    | 1 2 3 4 5 6 7 8 9 10 11 12 | 12.6
Poison Magic   | 1 2 3 4 5 6 7 8 9 10 11 12 | 12.6
Dodging        | 5 6 7 8 9 10 11 12 13 14 15 | 15.2
Stealth        | 5 6 7 8 9 10 11 12 13 14 15 | 15.1
Ice Magic      | 8 9 10 11 12 13 14 | 14.1

Action                   |  1- 3 |  4- 6 |  7- 9 | 10-12 | 13-15 | 16-18 | 19-21 | 22-24 || total
-------------------------+-------+-------+-------+-------+-------+-------+-------+-------++-------
Melee: Bite              |     2 |    11 |    30 |    32 |    60 |    70 |   122 |    27 ||   354
       Unarmed           |     1 |       |       |       |       |     6 |       |       ||     7
       Dagger            |    21 |   135 |   251 |   124 |       |       |       |       ||   531
       Punch             |     1 |       |     3 |     2 |       |       |       |       ||     6
       Hand axe          |       |       |       |    25 |    39 |       |       |       ||    64
       Staff             |       |       |       |   219 |   706 |   778 |   715 |   176 ||  2594
 Cast: Freeze            |    19 |     2 |     8 |    23 |    58 |       |       |       ||   110
       Frozen Ramparts   |     2 |    13 |    33 |    61 |   134 |   114 |   115 |    21 ||   493
       Ozocubu's Armour  |       |     7 |    20 |    38 |    67 |    10 |     2 |       ||   144
       Hailstorm         |       |       |       |    14 |    37 |    37 |    20 |     6 ||   114
       Shock             |       |       |       |    13 |       |       |       |       ||    13
       Iskenderun's Batt |       |       |       |     5 |       |       |       |       ||     5
       Statue Form       |       |       |       |       |    17 |    87 |   106 |    18 ||   228
       Invisibility      |       |       |       |       |     2 |     2 |     1 |       ||     5
       Spellforged Servi |       |       |       |       |       |    59 |    87 |    19 ||   165
       Orb of Destructio |       |       |       |       |       |    26 |    66 |    39 ||   131
Invok: Grand Finale      |       |       |       |       |     1 |     1 |     1 |       ||     3
Evoke: Wand              |       |       |       |     5 |    32 |    17 |     7 |       ||    61
       Condenser vane    |       |       |       |       |       |     1 |       |       ||     1
  Use: Potion            |       |     1 |       |       |     2 |    10 |     3 |     3 ||    19
       Scroll            |       |       |     6 |    14 |    15 |    14 |     5 |     1 ||    55
 Stab: Sleeping          |       |       |     8 |       |     1 |     2 |     3 |     3 ||    17
       Distracted        |       |       |     1 |     1 |     1 |       |     2 |       ||     5
       Paralysed         |       |       |       |    31 |    89 |    93 |   125 |    10 ||   348
       Invisible         |       |       |       |       |       |     1 |     2 |       ||     3
Armor: Robe              |     9 |    11 |    69 |   130 |   134 |    92 |    23 |     4 ||   472
       Skin              |       |       |       |       |    51 |   767 |   369 |    88 ||  1275
Dodge: Dodged            |    39 |    79 |   158 |   213 |   406 |   825 |   768 |    84 ||  2572
Block: Other             |       |       |       |    22 |       |     4 |       |       ||    26
       Buckler           |       |       |       |   106 |   480 |   836 |   558 |    93 ||  2073
       Reflection        |       |       |       |     7 |    10 |    20 |       |       ||    37
